TOP OF THE 1ST |
Birmingham Barons batting - Pitching for Indiana Hounds : RHP Rob Fields
|
Pitching: RHP Rob Fields
|
|
Batting: LHB Salvador López
|
0-0: Ball 1-0: Ball 2-0: Ball 3-0: Called Strike 3-1: Swinging Strike 3-2: Base on Balls
|
Batting: SHB Randy Anderson
|
0-0: Called Strike 0-1: Ball 1-1: Called Strike 1-2: Ball 2-2: Ball 3-2: Foul Ball, location: 2F 3-2: Base on Balls Salvador López to second
|
Batting: RHB Lorenzo Tamayo
|
0-0: Called Strike 0-1: Ball 1-1: Ball 2-1: Called Strike 2-2: Ball 3-2: Base on Balls Salvador López to third Randy Anderson to second
|
Batting: RHB Reinaldo Amarante
|
0-0: Fly out, F2 (Popup, 2R)
|
Batting: RHB Fred Moulds
|
0-0: Called Strike 0-1: Fly out, F4 (Line Drive, 34D)
|
Batting: RHB Dean Bailey
|
0-0: SINGLE (Line Drive, 78M) Salvador López scores Randy Anderson to third Lorenzo Tamayo to second Runner from 3rd tries for Home, SAFE, no throw
|
Batting: RHB Bob McDonald
|
0-0: Foul Ball, location: 2F 0-1: Foul Ball, location: 2F 0-2: Ball 1-2: Ground out U3 (Groundball, 34S)
|
Top of the 1st over - 2 runs, 1 hit, 0 errors, 2 left on base; Birmingham 2 - Indiana 0 |
BOTTOM OF THE 1ST |
Indiana Hounds batting - Pitching for Birmingham Barons : RHP José Rojas
|
Pitching: RHP José Rojas
|
|
Batting: RHB Henry Haines
|
0-0: Called Strike 0-1: Foul Ball, location: 2F 0-2: Ball 1-2: Strikes out looking
|
Batting: RHB Felipe Rodríguez
|
0-0: Ball 1-0: Called Strike 1-1: Ground out 5-3 (Groundball, 56)
|
Batting: RHB Marlon Hernández
|
0-0: Ball 1-0: SINGLE (Line Drive, 7S)
|
Batting: SHB Charles Alexander
|
0-0: Ball 1-0: Ball 2-0: Ball 3-0: Called Strike 3-1: Foul Ball, location: 2F 3-2: Ground out 4-3 (Groundball, 4M)
|
Bottom of the 1st over - 0 runs, 1 hit, 0 errors, 1 left on base; Birmingham 2 - Indiana 0 |
TOP OF THE 2ND |
Birmingham Barons batting - Pitching for Indiana Hounds : RHP Rob Fields
|
Batting: RHB Juan Morales
|
0-0: Ball 1-0: Ground out 5-3 (Groundball, 5)
|
Batting: RHB Dave Williams
|
0-0: Called Strike 0-1: Ball 1-1: Called Strike 1-2: Strikes out swinging
|
Batting: LHB Salvador López
|
0-0: Called Strike 0-1: SINGLE (Line Drive, 4MD)
|
Batting: SHB Randy Anderson
|
0-0: Foul Ball, location: 2F 0-1: Swinging Strike 0-2: Ball 1-2: Foul Ball, location: 2F 1-2: Strikes out swinging
|
Top of the 2nd over - 0 runs, 1 hit, 0 errors, 1 left on base; Birmingham 2 - Indiana 0 |
BOTTOM OF THE 2ND |
Indiana Hounds batting - Pitching for Birmingham Barons : RHP José Rojas
|
Batting: RHB Jeff Jones
|
0-0: Called Strike 0-1: Ball 1-1: SINGLE (Line Drive, 4MD)
|
Batting: LHB Juan Vásquez
|
0-0: Ball 1-0: Ball 2-0: SINGLE (Line Drive, 8RS) Jeff Jones to second
|
Batting: RHB Roberto Cardona
|
0-0: Ball 1-0: Ground out 4-3 (Groundball, 4MS) Jeff Jones to third Juan Vásquez to second
|
Batting: RHB Octávio Zúñiga
|
0-0: Swinging Strike 0-1: Swinging Strike 0-2: Ball 1-2: Ball 2-2: Ball 3-2: Foul Ball, location: 2F 3-2: Ground out 5-3 (Groundball, 56) Jeff Jones scores
|
Batting: RHB Anastasio Movonda
|
0-0: Swinging Strike 0-1: Ball 1-1: Ball 2-1: Foul Ball, location: 2F 2-2: Ground out U3 (Groundball, 34)
|
Bottom of the 2nd over - 1 run, 2 hits, 0 errors, 1 left on base; Birmingham 2 - Indiana 1 |
TOP OF THE 3RD |
Birmingham Barons batting - Pitching for Indiana Hounds : RHP Rob Fields
|
Batting: RHB Lorenzo Tamayo
|
0-0: Ball 1-0: Fly out, F7 (Flyball, 7S)
|
Batting: RHB Reinaldo Amarante
|
0-0: Called Strike 0-1: Swinging Strike 0-2: SINGLE (Flyball, 78S)
|
Batting: RHB Fred Moulds
|
0-0: Ball 1-0: Called Strike 1-1: Called Strike 1-2: Strikes out swinging
|
Batting: RHB Dean Bailey
|
0-0: Ball 1-0: Fly out, F6 (Line Drive, 6M)
|
Top of the 3rd over - 0 runs, 1 hit, 0 errors, 1 left on base; Birmingham 2 - Indiana 1 |
BOTTOM OF THE 3RD |
Indiana Hounds batting - Pitching for Birmingham Barons : RHP José Rojas
|
Batting: RHB Henry Haines
|
0-0: Ball 1-0: Ball 2-0: Called Strike 2-1: Swinging Strike 2-2: Strikes out swinging
|
Batting: RHB Felipe Rodríguez
|
0-0: Ball 1-0: Ball 2-0: Called Strike 2-1: Ball 3-1: Base on Balls
|
Batting: RHB Marlon Hernández
|
0-0: Ball 1-0: Ball 2-0: Swinging Strike 2-1: Swinging Strike 2-2: Ball Passed Ball! Felipe Rodríguez to second 3-2: SINGLE (Groundball, 6MD) Felipe Rodríguez to third Runner from 3rd tries for Home, SAFE, no throw
|
Batting: SHB Charles Alexander
|
0-0: Called Strike 0-1: Foul Ball, location: 2F 0-2: Ball 1-2: Ball 2-2: Ball 3-2: SINGLE (Groundball, 6MD) Marlon Hernández to second Runner from 2nd tries for 3rd, SAFE, no throw
|
Batting: RHB Jeff Jones
|
0-0: Foul Ball, location: 2F 0-1: Ball 1-1: Ball 2-1: Ball 3-1: DOUBLE (Flyball, 8LXD) Marlon Hernández scores Charles Alexander to third
|
Batting: LHB Juan Vásquez
|
0-0: Fly out, F8 (Flyball, 8LD) Runner from 3rd tags up, OUT at HOME
|
Bottom of the 3rd over - 2 runs, 3 hits, 0 errors, 1 left on base; Birmingham 2 - Indiana 3 |
TOP OF THE 4TH |
Birmingham Barons batting - Pitching for Indiana Hounds : RHP Rob Fields
|
Batting: RHB Bob McDonald
|
0-0: Ground out 5-3 (Groundball, 56)
|
Batting: RHB Juan Morales
|
0-0: Fly out, F5 (Line Drive, 5)
|
Batting: RHB Dave Williams
|
0-0: Ball 1-0: Ground out 6-3 (Groundball, 6)
|
Top of the 4th over - 0 runs, 0 hits, 0 errors, 0 left on base; Birmingham 2 - Indiana 3 |
BOTTOM OF THE 4TH |
Indiana Hounds batting - Pitching for Birmingham Barons : RHP José Rojas
|
Batting: RHB Roberto Cardona
|
0-0: Called Strike 0-1: Ball 1-1: Ball 2-1: Ball 3-1: Foul Ball, location: 2F 3-2: Foul Ball, location: 2F 3-2: Strikes out looking
|
Batting: RHB Octávio Zúñiga
|
0-0: Ball 1-0: Ground out 5-3 (Groundball, 5)
|
Batting: RHB Anastasio Movonda
|
0-0: Ground out 4-3 (Groundball, 4)
|
Bottom of the 4th over - 0 runs, 0 hits, 0 errors, 0 left on base; Birmingham 2 - Indiana 3 |
TOP OF THE 5TH |
Birmingham Barons batting - Pitching for Indiana Hounds : RHP Rob Fields
|
Batting: LHB Salvador López
|
0-0: Foul Ball, location: 2F 0-1: Swinging Strike 0-2: Ball 1-2: Strikes out swinging
|
Batting: SHB Randy Anderson
|
0-0: Ball 1-0: Called Strike 1-1: SINGLE (Groundball, 34S) (infield hit)
|
Batting: RHB Lorenzo Tamayo
|
0-0: Called Strike 0-1: Ball 1-1: Ball Randy Anderson steals 2nd base 2-1: Ball 3-1: Called Strike 3-2: Fly out, F8 (Flyball, 8LD)
|
Batting: RHB Reinaldo Amarante
|
0-0: Called Strike 0-1: Foul Ball, location: 2F 0-2: Ball 1-2: SINGLE (Flyball, 78M) Randy Anderson to third Runner from 3rd tries for Home, SAFE, no throw
|
Batting: RHB Fred Moulds
|
0-0: Foul Ball, location: 2F 0-1: Ball 1-1: Fly out, F9 (Flyball, 9D)
|
Top of the 5th over - 1 run, 2 hits, 0 errors, 1 left on base; Birmingham 3 - Indiana 3 |
BOTTOM OF THE 5TH |
Indiana Hounds batting - Pitching for Birmingham Barons : RHP José Rojas
|
Batting: RHB Henry Haines
|
0-0: Called Strike 0-1: Swinging Strike 0-2: Strikes out swinging
|
Batting: RHB Felipe Rodríguez
|
0-0: Ball 1-0: Ball 2-0: Foul Ball, location: 2F 2-1: Fly out, F5 (Popup, 56)
|
Batting: RHB Marlon Hernández
|
0-0: Called Strike 0-1: Ball 1-1: Ball 2-1: Ball 3-1: Base on Balls
|
Batting: SHB Charles Alexander
|
0-0: Called Strike 0-1: Ball 1-1: Ball 2-1: Swinging Strike 2-2: Strikes out swinging
|
Bottom of the 5th over - 0 runs, 0 hits, 0 errors, 1 left on base; Birmingham 3 - Indiana 3 |
TOP OF THE 6TH |
Birmingham Barons batting - Pitching for Indiana Hounds : RHP Rob Fields
|
Batting: RHB Dean Bailey
|
0-0: Called Strike 0-1: Ball 1-1: Ball 2-1: Fly out, F4 (Line Drive, 4)
|
Batting: RHB Bob McDonald
|
0-0: Called Strike 0-1: Ball 1-1: SINGLE (Groundball, 56D)
|
Batting: RHB Juan Morales
|
0-0: Fielders Choice at 2nd, 5-4 (Groundball, 56)
|
Batting: RHB Dave Williams
|
0-0: Called Strike Pickoff Throw to First - Out!
|
Top of the 6th over - 0 runs, 1 hit, 0 errors, 0 left on base; Birmingham 3 - Indiana 3 |
BOTTOM OF THE 6TH |
Indiana Hounds batting - Pitching for Birmingham Barons : RHP José Rojas
|
Batting: RHB Jeff Jones
|
0-0: Called Strike 0-1: Called Strike 0-2: Ball 1-2: SINGLE (Groundball, 34D)
|
Pitching: RHP Ken Lyons
|
|
Batting: LHB Juan Vásquez
|
0-0: Ball 1-0: Foul Ball, location: 2F 1-1: Called Strike 1-2: Ball 2-2: Strikes out swinging
|
Batting: RHB Roberto Cardona
|
0-0: Called Strike 0-1: Called Strike 0-2: Ball 1-2: Strikes out looking
|
Batting: RHB Octávio Zúñiga
|
0-0: Ball 1-0: Foul Ball, location: 2F 1-1: Foul Ball, location: 2F 1-2: Fly out, F3 (Popup, 23F)
|
Bottom of the 6th over - 0 runs, 1 hit, 0 errors, 1 left on base; Birmingham 3 - Indiana 3 |
TOP OF THE 7TH |
Birmingham Barons batting - Pitching for Indiana Hounds : RHP Rob Fields
|
Pinch Hitting: RHB Chris Parker
|
0-0: DOUBLE (Line Drive, 89XD)
|
Pinch Hitting: LHB José Rivera
|
0-0: Intentional Walk
|
Batting: SHB Randy Anderson
|
0-0: Called Strike 0-1: Sac Bunt - play at first, batter OUT! 1-4 Chris Parker to third José Rivera to second
|
Batting: RHB Lorenzo Tamayo
|
0-0: Called Strike 0-1: Ball 1-1: Ball 2-1: Called Strike 2-2: Foul Ball, location: 2F 2-2: Foul Ball, location: 2F 2-2: Foul Ball, location: 2F 2-2: Ball 3-2: Fly out, F7 (Flyball, 7S)
|
Batting: RHB Reinaldo Amarante
|
0-0: Called Strike 0-1: Foul Ball, location: 2F 0-2: Ball 1-2: Ball 2-2: Foul Ball, location: 2F 2-2: Strikes out swinging
|
Top of the 7th over - 0 runs, 1 hit, 0 errors, 2 left on base; Birmingham 3 - Indiana 3 |
BOTTOM OF THE 7TH |
Indiana Hounds batting - Pitching for Birmingham Barons : RHP Ken Lyons
|
Now at SS: Chris Parker
|
|
Now in CF: Frederick Curtis
|
|
Pinch Hitting: RHB Juan Jose Guevana
|
0-0: Ball 1-0: Ball 2-0: Ball 3-0: Called Strike 3-1: Base on Balls
|
Batting: RHB Henry Haines
|
0-0: Called Strike Juan Jose Guevana steals 2nd base 0-1: Foul Ball, location: 2F 0-2: Ball 1-2: Ball 2-2: Foul Ball, location: 2F 2-2: Foul Ball, location: 2F 2-2: Foul Ball, location: 2F 2-2: Ground out 6-3 (Groundball, 6)
|
Batting: RHB Felipe Rodríguez
|
0-0: Intentional Walk
|
Pinch Hitting: LHB Manny Hernández
|
0-0: Ball 1-0: Ball 2-0: Called Strike 2-1: Foul Ball, location: 2F 2-2: Ball 3-2: Foul Ball, location: 2F 3-2: Base on Balls Juan Jose Guevana to third Felipe Rodríguez to second
|
Batting: SHB Charles Alexander
|
0-0: Ball 1-0: Foul Ball, location: 2F 1-1: Foul Ball, location: 2F 1-2: Foul Ball, location: 2F 1-2: Fly out, F5 (Popup, 5SF)
|
Batting: RHB Jeff Jones
|
0-0: Ball 1-0: Ball 2-0: Ball 3-0: Called Strike 3-1: Base on Balls Juan Jose Guevana scores Felipe Rodríguez to third Manny Hernández to second
|
Pitching: LHP Carlos Berru
|
|
Pinch Hitting: RHB Víctor Márquez
|
0-0: Called Strike 0-1: Swinging Strike 0-2: Ground out 4-3 (Groundball, 4)
|
Bottom of the 7th over - 1 run, 0 hits, 0 errors, 3 left on base; Birmingham 3 - Indiana 4 |
TOP OF THE 8TH |
Birmingham Barons batting - Pitching for Indiana Hounds : RHP Rob Fields
|
Pitching: RHP Mike Meeks
|
|
Now at 1B: Juan Jose Guevana
|
|
Now at SS: Víctor Márquez
|
|
Now in LF: Manny Hernández
|
|
Batting: RHB Fred Moulds
|
0-0: Called Strike 0-1: Called Strike 0-2: Ball 1-2: Foul Ball, location: 2F 1-2: Fly out, F8 (Flyball, 8LD)
|
Batting: RHB Dean Bailey
|
0-0: Called Strike 0-1: Ball 1-1: Foul Ball, location: 2F 1-2: Foul Ball, location: 2F 1-2: Ball 2-2: Strikes out swinging
|
Batting: RHB Bob McDonald
|
0-0: Ball 1-0: SINGLE (Groundball, 6MD)
|
Pinch Hitting: SHB Pancho Ruíz
|
0-0: Ball 1-0: Foul Ball, location: 2F 1-1: Called Strike 1-2: Strikes out looking
|
Top of the 8th over - 0 runs, 1 hit, 0 errors, 1 left on base; Birmingham 3 - Indiana 4 |
BOTTOM OF THE 8TH |
Indiana Hounds batting - Pitching for Birmingham Barons : LHP Carlos Berru
|
Pitching: RHP Gabriel Oliuo
|
|
Now in RF: Pancho Ruíz
|
|
Batting: RHB Roberto Cardona
|
0-0: Ball 1-0: Foul Ball, location: 2F 1-1: Foul Ball, location: 2F 1-2: Fly out, F9 (Flyball, 89M)
|
Batting: RHB Octávio Zúñiga
|
0-0: Called Strike 0-1: Ball 1-1: Swinging Strike 1-2: Ball 2-2: Ground out 3-1 (Groundball, 34)
|
Batting: RHB Juan Jose Guevana
|
0-0: Ground out 6-3 (Groundball, 6)
|
Bottom of the 8th over - 0 runs, 0 hits, 0 errors, 0 left on base; Birmingham 3 - Indiana 4 |
TOP OF THE 9TH |
Birmingham Barons batting - Pitching for Indiana Hounds : RHP Mike Meeks
|
Pitching: RHP Ernesto Beltrán
|
|
Batting: RHB Chris Parker
|
0-0: Called Strike 0-1: Ball 1-1: Ball 2-1: Ball 3-1: Base on Balls
|
Batting: RHB Frederick Curtis
|
0-0: Called Strike 0-1: Ball 1-1: Called Strike 1-2: Foul Ball, location: 2F 1-2: Strikes out swinging
|
Batting: SHB Randy Anderson
|
0-0: Called Strike 0-1: Called Strike 0-2: Foul Ball, location: 2F 0-2: DOUBLE (Line Drive, 78M) Chris Parker to third
|
Batting: RHB Lorenzo Tamayo
|
0-0: Swinging Strike 0-1: Called Strike 0-2: Ball 1-2: Strikes out swinging
|
Batting: RHB Reinaldo Amarante
|
0-0: Foul Ball, location: 2F 0-1: Swinging Strike 0-2: Strikes out swinging
|
Top of the 9th over - 0 runs, 1 hit, 0 errors, 2 left on base; Birmingham 3 - Indiana 4 |
|